 Dungeon Crawl Stone Soup version 0.28-a0-1555-g9ae15a6949 (webtiles) character file.

Game seed: 13453712371877838290

138 issech the Shield-Bearer (level 5, -2/53 HPs)
             Began as a Troll Fighter on Jan 18, 2022.
             Killed from afar by a dart slug (6 damage)
             ... with a slug dart
             ... on level 3 of the Dungeon.
             The game lasted 00:10:46 (1505 turns).

issech the Shield-Bearer (Troll Fighter)            Turns: 1505, Time: 00:10:48

Health: -2/53      AC:  4    Str: 26    XL:     5   Next: 1%
Magic:  4/4        EV:  8    Int:  4    God:
Gold:   88         SH:  7    Dex:  9    Spells: 4/4 levels left

rFire   . . .      SeeInvis .   t - +2 long sword (elec)
rCold   . . .      Faith    .   c - +0 kite shield
rNeg    . . .      Spirit   .   b - +0 robe
rPois   .          Reflect  .   (helmet restricted)
rElec   .          Harm     .   (no cloak)
rCorr   .          Rampage  .   (gloves unavailable)
Will    .....                   (boots unavailable)
Stlth   +.........              (no amulet)
HPRegen 0.97/turn               (no ring)
MPRegen 0.09/turn               (no ring)

@: mighty
A: large, unfitting armour, claws 3, regeneration 1, shaggy fur 1, tough skin 1
a: no special abilities


You were on level 3 of the Dungeon.
You visited 1 branch of the dungeon, and saw 3 of its levels.

You collected 88 gold pieces.

Inventory:

Hand Weapons
 a - a +0 flail
 n - a +0 morningstar
 t - a +2 long sword of electrocution (weapon)
 F - a +2 vorpal spear
Missiles
 e - 36 stones (quivered)
 j - 5 poisoned darts
 l - 17 arrows
Armour
 b - a +0 robe (worn)
 c - a +0 kite shield (worn)
 k - a +0 ring mail
 o - a +0 leather armour
Scrolls
 g - a scroll of vulnerability
 C - a scroll of blinking
Potions
 f - a potion of mutation {unknown}
 h - a potion of invisibility {unknown}
 i - a potion of brilliance {unknown}
 B - a potion of heal wounds
 G - a potion of berserk rage


   Skills:
 + Level 3.0 Fighting
 + Level 1.3 Long Blades
 + Level 2.6 Maces & Flails
 + Level 2.9 Dodging
 + Level 0.1 Stealth
 + Level 3.0 Shields


You had 4 spell levels left.
You didn't know any spells.
Your spell library was empty.

Dungeon Overview and Level Annotations

Branches:
Dungeon (3/15)

Altars:
Fedhas

Annotations:
D:3 Grinder


Innate Abilities, Weirdness & Mutations

You are too large for most types of armour.
You have claws for hands.
Your natural rate of healing is unusually fast.
You are covered in fur. (AC +1)
You have tough skin. (AC +1)


Message History

You resist with significant effort.
The black bear bites you but does no damage.
The black bear claws you but does no damage. x2
Grinder hits you but does no damage. The black bear bites you.
The black bear claws you. The black bear completely misses you.
Grinder gestures at you.
You barely resist. The black bear bites you. The black bear claws you. x2
Grinder hits you but does no damage. The dart slug launches a dart at you.
The slug dart hits you. The black bear bites you. The black bear claws you. x2
Grinder hits you. The black bear bites you.
The black bear claws you but does no damage. x2
The dart slug launches a dart at you. The slug dart hits you. Grinder hits you.
* * * LOW HITPOINT WARNING * * *
You writhe in agony.
* * * LOW HITPOINT WARNING * * *
The black bear bites you but does no damage.
The black bear claws you but does no damage. x2
You can move again.
You hit Grinder.
Grinder is moderately wounded.
Grinder hits you!
* * * LOW HITPOINT WARNING * * *
You block the dart slug's attack. You block the black bear's attack.
The black bear claws you but does no damage.
You block the black bear's attack. Grinder hits you but does no damage.
Unknown command.
Unknown command.
Unknown command.
Unknown command.
You hit Grinder.
Grinder is heavily wounded.
The black bear closely misses you. The black bear barely misses you.
The black bear claws you.
* * * LOW HITPOINT WARNING * * *
The dart slug launches a dart at you. The slug dart hits you.
You die...

################.#####..
#.......................
#.#############.########
#.# #.# #.# #########.#
#.# #.........# #.#
#.######### #.#
#.#########. #.#
#...@h...... #.#
###w5######. #.#
##B..B§... ##.#
#..$##.##. #..# #.###
#.## #. #.# #. #.# #.
#.# #5


You could see Grinder, a black bear, a dart slug and a giant cockroach.

Vanquished Creatures
  3 gnolls (D:2)
  4 adders (D:2)
  A dart slug (D:1)
  6 orcs (D:3)
  5 ball pythons
  11 endoplasms
  A giant cockroach (D:1)
  7 goblins
  2 hobgoblins
  3 jackals (D:1)
  A quokka (D:2)
  5 bats
  4 frilled lizards
  9 kobolds
  3 rats (D:1)
65 creatures vanquished.

Notes
Turn   | Place    | Note
-------+----------+-------------------------------------------
     0 | D:1      | issech the Troll Fighter began the quest for the Orb.
     0 | D:1      | Reached XP level 1. HP: 22/22 MP: 0/0
   163 | D:1      | Reached XP level 2. HP: 27/29 MP: 1/1
   353 | D:1      | Reached XP level 3. HP: 36/36 MP: 2/2
   372 | D:1      | Found a faded altar of an unknown god.
   803 | D:2      | Reached XP level 4. HP: 44/44 MP: 3/3
   941 | D:2      | Found a blossoming altar of Fedhas.
  1120 | D:2      | Reached skill level 1 in Long Blades
  1408 | D:3      | Reached XP level 5. HP: 53/53 MP: 4/4
  1487 | D:3      | Noticed a black bear
  1488 | D:3      | Noticed Grinder
  1490 | D:3      | Paralysed by Grinder for 5 turns
  1497 | D:3      | Paralysed by Grinder for 7 turns
  1505 | D:3      | Killed from afar by a dart slug

Illustrated notes

Levels and vault maps discovered:
D:1:      dpeg_arrival_arbitrary_c, layout_rooms,
          ebering_ecumenical_altar_ruins, minmay_pentomino_v2
D:2:      minmay_evil_eye, layout_rooms, basic_altar
D:3:      layout_loops_ring, minmay_ruptured, uniq_grinder,
          uniq_crazy_yiuf_cottage

Skill      XL: |  1  2  3  4 |
---------------+-------------+-----
Maces & Flails | 2 |  2.6
Shields        | 3 |  3.0
Fighting       | 3 |  3.0
Long Blades    | 1 |  1.3
Dodging        | |  2.9
Stealth        | |  0.1

Action                   |  1- 3 |  4- 6 || total
-------------------------+-------+-------++-------
Melee: Flail             |    78 |       ||    78
       Long sword        |    38 |    51 ||    89
  Use: Scroll            |       |     4 ||     4
       Potion            |       |     1 ||     1
Armor: Robe              |    77 |    26 ||   103
Dodge: Dodged            |    60 |    21 ||    81
Block: Kite shield       |    64 |    16 ||    80

Table legend: (Time is in decaauts)
 A = Elapsed time spent in this place.
 B = Non-inter-level travel time spent in this place.
 C = Inter-level travel time spent in this place.
 D = Time resting spent in this place.
 E = Time spent auto-exploring this place.
 F = Levels seen in this place.
 G = Mean time per level.
                   A        B        C        D        E       F      G
               +--------+--------+--------+--------+--------+-----+--------+
         Total |   1583 |   1528 |     55 |      0 |    593 |   3 |  527.7 |
       Dungeon |   1583 |   1528 |     55 |      0 |    593 |   3 |  527.7 |
               +--------+--------+--------+--------+--------+-----+--------+

Top non-repeatable levels by time:
     D:1: 726 daAuts
     D:2: 567 daAuts
     D:3: 289 daAuts
